 Dungeon Crawl Stone Soup version 0.19-a0-1067-g0b1d89b (webtiles) character file.

47987 DarthKuruptios the Blocker (level 14, -5/111 HPs)
             Began as a Demonspawn Berserker on Aug 4, 2016.
             Was a Priest of Trog.
             Blown up by an orb spider (40 damage)
             ... with an orb of destruction
             ... on level 1 of the Spider Nest.
             The game lasted 01:23:28 (17549 turns).

DarthKuruptios the Blocker (Demonspawn Berserker)  Turns: 17549, Time: 01:23:28

Health: -5/111     AC: 19    Str: 27      XL:     14   Next: 10%
Magic:  14/14      EV: 11    Int:  8 (9)  God:    Trog [***...]
Gold:   498        SH: 14    Dex: 20      Spells: 0 memorised, 13 levels left

rFire  + . .     SeeInvis +     v - +3 morningstar (freeze)
rCold  . . .     Gourm    .     s - +7 plate armour {ponderous}
rNeg   . . .     Faith    +     b - +0 shield
rPois  +         Spirit   .     g - -1 helmet of Kindness {rElec Int+2 Dex+4}
rElec  +         Dismiss  .     f - +1 cloak
rCorr  .         Reflect  .     (no gloves)
SustAt .         Harm     .     (boots unavailable)
MR     +++..                    y - amulet of Xom's Best Wishes {Faith rF+ Int-2 SInv Stlth+}
Stlth  ..........               n - +5 ring of strength
                                q - ring of Ydearchoe {rPois Dex+3 SInv}

@: corroded, regenerating, slow
A: hooves 3, thin metallic scales 2, nightstalker 2, spiny 2
a: Berserk, Trog's Hand, Burn Spellbooks, Renounce Religion


You were on level 1 of the Spider Nest.
You worshipped Trog.
Trog was most pleased with you.
You were not hungry.

You visited 4 branches of the dungeon, and saw 20 of its levels.

You collected 1640 gold pieces.
You spent 1142 gold pieces at shops.

Inventory:

Hand Weapons
 v - a +3 morningstar of freezing (weapon)
 D - a +2 eveningstar of draining
Armour
 a - a +0 hat
 b - a +0 shield (worn)
 f - a +1 cloak (worn)
 g - the -1 helmet of Kindness (worn) {rElec Int+2 Dex+4}
   (You found it on level 2 of the Lair of Beasts)

   It affects your intelligence (+2).
   It affects your dexterity (+4).
   It insulates you from electricity.
 o - a +1 plate armour of positive energy
 s - a +7 plate armour of ponderousness (worn)
 E - the +2 scale mail "Zehepoj" {rElec MR- Str+3 Slay+3}
   (You found it on level 2 of the Lair of Beasts)

   It affects your strength (+3).
   It affects your accuracy and damage with ranged weapons and melee attacks
   (+3).
   It insulates you from electricity.
   It affects your resistance to hostile enchantments.
Jewellery
 n - a +5 ring of strength (right hand)
 q - the ring of Ydearchoe (left hand) {rPois Dex+3 SInv}
   (You found it on level 4 of the Dungeon)

   [ring of dexterity]

   It affects your dexterity (+3).
   It protects you from poison.
   It lets you see invisible.
 y - the amulet of Xom's Best Wishes (around neck) {Faith rF+ Int-2 SInv Stlth+}
   (You bought it in a shop on level 2 of the Orcish Mines)

   [amulet of faith]

   It allows you to gain divine favour quickly.
   It affects your intelligence (-2).
   It protects you from fire.
   It lets you see invisible.
   It makes you more stealthy.
 J - an uncursed ring of protection from magic
Scrolls
 d - 2 scrolls of magic mapping
 k - 8 scrolls of remove curse
 r - a scroll of identify
 t - 2 scrolls of teleportation
 x - 3 scrolls of fog
 z - 2 scrolls of silence
Potions
 e - a potion of berserk rage
 h - 5 potions of might
 i - 2 potions of invisibility
 l - 3 potions of brilliance
 m - a potion of mutation {unknown}
 u - a potion of haste
 A - 3 potions of flight
 C - 2 potions of ambrosia
 F - a potion of magic
 H - 2 potions of resistance {unknown}
 I - a potion of heal wounds
Miscellaneous
 B - a box of beasts
Comestibles
 c - 10 bread rations
 j - 3 beef jerkies
 p - 5 meat rations
 G - a royal jelly


   Skills:
 + Level 10.3 Fighting
 + Level 12.2 Maces & Flails
 + Level 9.8 Armour
 + Level 5.1 Dodging
 + Level 1.4 Stealth
 * Level 13.2 Shields


You had 13 spell levels left.
You didn't know any spells.

Dungeon Overview and Level Annotations

Branches:
Dungeon (12/15)            Temple (0/1) D:5            Lair (5/6) D:11
 Shoals (0/4) Lair:4       Spider (1/4) Lair:2          Orc (2/2) D:10
    Elf (0/3) Orc:2
  Slime: Lair:5-6

Altars:
Pakellas
Ru
Trog
Beogh

Shops:
Orc:2 *([=

Annotations:
D:8 2 runed doors
D:11 exclusion: orange crystal statue
Lair:3 Sonja


Innate Abilities, Weirdness & Mutations

You have hooves in place of feet.
You are mostly covered in thin metallic scales. (AC +3)
You are significantly more attuned to the shadows.
You are mostly covered in sharp spines.


Message History

You closely miss the orb spider.
You kick the orb spider, but do no damage.
The orb spider weaves a glowing orb of energy.
An orb of destruction comes into view.
The wavering orb of destruction hits you!
* * * LOW HITPOINT WARNING * * *
You are too injured to fight recklessly!
You are too injured to fight recklessly!
You are too injured to fight recklessly!
You are too injured to fight recklessly!
You are too injured to fight recklessly!
You feel better.
The orb spider pulsates with a strange energy.
Your skin crawls.
You feel resistant to hostile enchantments.
You feel somewhat more hungry.
The orb spider weaves a glowing orb of energy.
An orb of destruction comes into view.
The orb of destruction hits you!
You die...

.## #.# ..# ....
.# .. ..#.##..##
#. ......##.#
.##.#
.....†††.###....#
###..<.....##
######@§§§#
#..^##.s...
#...### ....#
..#. .##.. # . ..
.. #. .#


You could see an orb spider.

Vanquished Creatures
  Gastronok (Lair:2)
  An entropy weaver (Spider:1)
  The ghost of alcopop the Destroyer, a journeyman HuIE of Vehumet (Lair:5)
  Josephine (Lair:5)
  Erolcha (Orc:1)
  Harold (D:11)
  Fannar (D:11)
  3 hydras
  4 death yaks
  Nergalle (D:11)
  2 hill giants
  4 orc knights
  2 orc sorcerers (Orc:2)
  A griffon (Lair:4)
  5 black mambas
  Maurice (D:10)
  2 sirens (Lair:4)
  6 elephants (Lair:3)
  A torpor snail (Lair:4)
  An eye of devastation (shapeshifter) (D:8)
  4 spiny frogs
  A gargoyle (D:10)
  3 komodo dragons
  3 rime drakes
  4 trolls
  The ghost of Swollendeathray the Shield-Bearer, an amateur HOFi (D:4)
  6 jumping spiders
  2 merfolk (Lair:4)
  3 two-headed ogres
  10 blink frogs
  Sigmund (D:2)
  4 redbacks
  A spriggan (D:7)
  16 yaks
  A tarantella (Spider:1)
  A wyvern (D:11)
  A basilisk (Lair:3)
  A hungry ghost (D:10)
  Grum (D:10)
  4 wraiths
  A steam dragon (Lair:2)
  7 hippogriffs
  Menkaure (D:6)
  A warg (Orc:2)
  9 water moccasins
  6 porcupines
  An ice beast (D:6)
  2 wasps (D:11)
  3 black bears
  18 orc warriors
  A phantom (D:5)
  8 ogres
  26 wolves
  8 crocodiles
  3 centaurs
  2 big kobolds
  11 giant frogs
  A wyvern skeleton (D:11)
  2 scorpions
  9 killer bees (D:10)
  8 wights
  3 howler monkeys (D:8)
  An electric eel (D:11)
  2 centaur zombies
  4 crimson imps
  A giant frog zombie (D:5)
  8 hounds
  12 orc priests
  A giant frog skeleton (D:11)
  A gnoll shaman (D:7)
  5 jellies
  25 orc wizards
  2 centaur skeletons
  6 iguanas
  Ijyb (D:2)
  11 worker ants
  A killer bee zombie (D:8)
  10 sheep (Lair:4)
  2 hound zombies
  A hound skeleton (D:7)
  A worker ant zombie (D:9)
  8 adders
  6 gnolls
  A howler monkey skeleton (D:8)
  39 river rats
  A shadow imp (D:8)
  2 oozes
  An adder skeleton (D:8)
  7 worms
  2 dart slugs
  5 giant geckos
  79 orcs
  5 bats
  7 giant cockroaches
  3 goblins
  5 hobgoblins
  2 jackals (D:11)
  10 kobolds
  4 quokkas
  A ball python (D:2)
  2 giant gecko skeletons
  5 giant newts
  2 jackal skeletons
  A quokka zombie (D:9)
  4 rats
536 creatures vanquished.

Vanquished Creatures (collateral kills)
  An orc warlord (Orc:2)
  An orc high priest (Orc:2)
  An orc sorcerer (Orc:2)
  An orc knight (Orc:2)
  3 orc warriors (Orc:2)
  5 orc priests (Orc:2)
  An orc wizard (Orc:2)
  An orc (Orc:2)
14 creatures vanquished.

Vanquished Creatures (others)
  A warg (D:2)
  3 bushes (Lair:3)
  5 fungi
  19 plants (Lair:3)
28 creatures vanquished.

Grand Total: 578 creatures vanquished

Notes
Turn   | Place    | Note
-------+----------+-------------------------------------------
     0 | D:1      | DarthKuruptios the Demonspawn Berserker began the quest for the Orb.
     0 | D:1      | Reached XP level 1. HP: 18/18 MP: 1/1
   320 | D:1      | Gained mutation: You are partially covered in thin metallic scales. (AC +2) [demonic ancestry]
   320 | D:1      | Reached XP level 2. HP: 24/24 MP: 2/2
   847 | D:2      | Noticed Sigmund
   860 | D:2      | Killed Sigmund
   860 | D:2      | Gained mutation: You are slightly more attuned to the shadows. [demonic ancestry]
   860 | D:2      | Reached XP level 3. HP: 30/30 MP: 3/3
   860 | D:2      | Gained mutation: You are partially covered in sharp spines. [demonic ancestry]
   860 | D:2      | Reached XP level 4. HP: 37/37 MP: 4/4
   860 | D:2      | Gained mutation: You have large cloven feet. [demonic ancestry]
   860 | D:2      | Reached XP level 5. HP: 42/42 MP: 5/5
   979 | D:2      | Found an oddly glowing altar of Pakellas.
   979 | D:2      | Noticed a warg
   992 | D:2      | Killed a warg
  1032 | D:2      | Reached ** piety under Trog
  1471 | D:2      | Noticed Ijyb
  1478 | D:2      | Killed Ijyb
  1552 | D:2      | Gained mutation: You are significantly more attuned to the shadows. [demonic ancestry]
  1552 | D:2      | Reached XP level 6. HP: 44/49 MP: 6/6
  2125 | D:3      | Reached *** piety under Trog
  2437 | D:4      | Got a slimy golden ring
  2438 | D:4      | Identified the ring of Ydearchoe {rPois Dex+3 SInv} (You found it on level 4 of the Dungeon)
  2572 | D:4      | Noticed Swollendeathray's ghost (amateur HOFi)
  2586 | D:4      | Killed Swollendeathray's ghost
  2586 | D:4      | Reached skill level 5 in Maces & Flails
  2586 | D:4      | Reached XP level 7. HP: 55/55 MP: 7/7
  2655 | D:4      | Reached skill level 5 in Fighting
  3080 | D:5      | Entered Level 5 of the Dungeon
  3257 | D:5      | Reached skill level 1 in Shields
  3398 | D:5      | Gained mutation: You are mostly covered in sharp spines. [demonic ancestry]
  3398 | D:5      | Reached XP level 8. HP: 63/63 MP: 8/8
  3399 | D:5      | Found a staircase to the Ecumenical Temple.
  3455 | D:5      | Found a bloodstained altar of Trog.
  3792 | D:6      | Noticed Menkaure
  3795 | D:6      | Killed Menkaure
  3795 | D:6      | Reached skill level 2 in Shields
  4142 | D:6      | Reached skill level 5 in Armour
  4411 | D:7      | Reached skill level 3 in Shields
  4450 | D:7      | Received a gift from Trog
  4670 | D:7      | Gained mutation: You have hoof-like feet. [demonic ancestry]
  4670 | D:7      | Reached XP level 9. HP: 69/69 MP: 9/9
  4780 | D:7      | Reached **** piety under Trog
  4780 | D:7      | Reached skill level 4 in Shields
  5280 | D:8      | Reached skill level 1 in Stealth
  5329 | D:8      | Reached skill level 5 in Shields
  5458 | D:8      | Found a large runed door.
  5459 | D:8      | Found a large runed door.
  5624 | D:8      | Found a large runed door.
  5624 | D:8      | Found a large runed door.
  5960 | D:8      | Noticed an eye of devastation
  5970 | D:8      | Killed an eye of devastation
  6251 | D:9      | Gained mutation: You are mostly covered in thin metallic scales. (AC +3) [demonic ancestry]
  6251 | D:9      | Reached XP level 10. HP: 76/79 MP: 10/10
  7583 | D:10     | Entered Level 10 of the Dungeon
  7645 | D:10     | Reached skill level 6 in Shields
  7752 | D:10     | Noticed a gargoyle
  7760 | D:10     | Killed a gargoyle
  7844 | D:10     | Found a staircase to the Orcish Mines.
  7853 | D:10     | Noticed Grum
  7859 | D:10     | Killed Grum
  7865 | D:10     | Noticed an orc knight
  7879 | D:10     | Killed an orc knight
  8142 | D:10     | Reached skill level 7 in Shields
  8146 | D:10     | Noticed a hill giant
  8154 | D:10     | Killed a hill giant
  8154 | D:10     | Reached ***** piety under Trog
  8232 | D:10     | Reached XP level 11. HP: 86/86 MP: 11/11
  8233 | D:10     | Found a bloodstained altar of Trog.
  8261 | D:10     | Noticed Maurice
  8270 | D:10     | Killed Maurice
  8800 | D:11     | Noticed Harold
  8815 | D:11     | Killed Harold
  8815 | D:11     | Reached skill level 8 in Shields
  8990 | D:11     | Received a gift from Trog
  9009 | D:11     | Found a staircase to the Lair.
  9024 | D:11     | Noticed Nergalle
  9035 | D:11     | Killed Nergalle
  9216 | D:11     | Noticed Fannar
  9237 | D:11     | Killed Fannar
  9237 | D:11     | Reached skill level 9 in Shields
  9380 | D:11     | Noticed a hill giant
  9386 | D:11     | Killed a hill giant
  9577 | Lair:1   | Entered Level 1 of the Lair of Beasts
  9594 | Lair:1   | Noticed a six-headed hydra
  9601 | Lair:1   | Killed a six-headed hydra
  9862 | Lair:1   | Reached skill level 10 in Maces & Flails
 10160 | Lair:1   | Reached XP level 12. HP: 88/94 MP: 12/12
 10494 | Lair:2   | Reached skill level 10 in Shields
 10530 | Lair:2   | Got a crude helmet
 10536 | Lair:2   | Identified the cursed -1 helmet of Kindness {rElec Int+2 Dex+4} (You found it on level 2 of the Lair of Beasts)
 10895 | Lair:2   | Received a gift from Trog
 10915 | Lair:2   | Found a hole to the Spider Nest.
 11225 | Lair:2   | Got an encrusted scale mail
 11236 | Lair:2   | Identified the +2 scale mail "Zehepoj" {rElec MR- Str+3 Slay+3} (You found it on level 2 of the Lair of Beasts)
 11534 | Lair:2   | Noticed Gastronok
 11545 | Lair:2   | Killed Gastronok
 11545 | Lair:2   | Reached skill level 11 in Shields
 11841 | Lair:3   | Found a sacrificial altar of Ru.
 12193 | Lair:3   | Noticed Sonja
 12596 | Lair:3   | Received a gift from Trog
 13044 | Lair:4   | Noticed a six-headed hydra
 13048 | Lair:4   | Killed a six-headed hydra
 13048 | Lair:4   | Reached XP level 13. HP: 84/101 MP: 13/13
 13282 | Lair:4   | Found a staircase to the Shoals.
 13325 | Lair:4   | Reached skill level 12 in Shields
 13800 | Lair:4   | Reached skill level 5 in Dodging
 14174 | Lair:5   | Noticed alcopop's ghost (journeyman HuIE)
 14198 | Lair:5   | Killed alcopop's ghost
 14722 | Lair:5   | Reached skill level 10 in Fighting
 14723 | Lair:5   | Noticed Josephine
 14735 | Lair:5   | Killed Josephine
 15349 | Orc:1    | Entered Level 1 of the Orcish Mines
 15388 | Orc:1    | Received a gift from Trog
 15440 | Orc:1    | Found a bloodstained altar of Trog.
 15683 | Orc:1    | Noticed Erolcha
 15689 | Orc:1    | Killed Erolcha
 15928 | Orc:2    | Entered Level 2 of the Orcish Mines
 16039 | Orc:2    | Noticed an orc warlord
 16039 | Orc:2    | Found a roughly hewn altar of Beogh.
 16039 | Orc:2    | Reached skill level 13 in Shields
 16042 | Orc:2    | Killed an orc warlord
 16543 | Orc:2    | Found Hemoi's Antique Weapon Shop.
 16550 | Orc:2    | Bought a blackened trident for 272 gold pieces
 16550 | Orc:2    | Identified the cursed +2 trident of the Warrior {speed, rN+ Int+5} (You bought it in a shop on level 2 of the Orcish Mines)
 16594 | Orc:2    | Received a gift from Trog
 16619 | Orc:2    | Gained mutation: You have hooves in place of feet. [demonic ancestry]
 16619 | Orc:2    | Reached XP level 14. HP: 110/110 MP: 14/14
 16680 | Orc:2    | Found Emehi's Antique Armour Shop.
 16720 | Orc:2    | Found Joqoqaaj's Jewellery Shop.
 16726 | Orc:2    | Bought the amulet of Xom's Best Wishes {Faith rF+ Int-2 SInv Stlth+} for 795 gold pieces
 16739 | Orc:2    | Found Alumemiz's General Store.
 16745 | Orc:2    | Bought a potion of heal wounds for 75 gold pieces
 16811 | Orc:2    | Found a staircase to the Elven Halls.
 17519 | Spider:1 | Entered Level 1 of the Spider Nest
 17519 | Spider:1 | Noticed an entropy weaver
 17528 | Spider:1 | Killed an entropy weaver
 17549 | Spider:1 | Blown up by an orb spider

Vault maps used:
D:1:      minmay_arrival_cross, grunt_decor_resistance
D:2:      gammafunk_pakellas_its_alive, uniq_iyjb, uniq_sigmund
D:4:      first_bread
D:5:      lightli_temple_of_fire
D:6:      uniq_menkaure
D:7:      the_bakery, grunt_decor_one_mirror
D:8:      st_stairs_10, minmay_hollow_rounded_squares
D:10:     david_orc_2, basic_altar, onia_ninara_dug_in_and_dangerous, uniq_grum,
          uniq_maurice
D:11:     erik_lair_island, minmay_protected_statue, uniq_fannar, uniq_harold,
          uniq_nergalle
D:12:     serial_shops, shop, lab_entry_generic
Lair:1:   cheibrodos_lair_caveside_slide
Lair:2:   beast_lair_carwin_large_1, nicolae_spider_entry_tight_spaces,
          infiniplex_staircase_pool_2, lemuel_fruit_tree, uniq_gastronok
Lair:3:   basic_altar, serial_forest, infiniplex_forest_clump_medium,
          infiniplex_forest_end_3, infiniplex_forest_corner_1,
          infiniplex_forest_straight_4, infiniplex_forest_clump_long,
          infiniplex_forest_lined_room_2, infiniplex_forest_zigzag_1, uniq_sonja
Lair:4:   elwin_shoals_entry_stream, grunt_megastairs_5
Lair:5:   uniq_josephine
Spider:1: nicolae_spider_webbed_stairs
Orc:1:    bloody_trog, uniq_erolcha
Orc:2:    grunt_orc_cross

Skill      XL: |  1  2  3  4  5  6  7  8  9 10 11 12 13 |
---------------+----------------------------------------+-----
Maces & Flails | 4 5 6 8 9 10 11 12 | 12.2
Armour         | 2 3 4 5 6 7 8 9 |  9.8
Fighting       | 4 5 6 7 8 9 10 | 10.3
Dodging        | 2 3 4 5 |  5.1
Shields        | 1 3 5 7 9 11 13 | 13.2
Stealth        | 1 |  1.4

Action                   |  1- 3 |  4- 6 |  7- 9 | 10-12 | 13-15 || total
-------------------------+-------+-------+-------+-------+-------++-------
Melee: Mace              |    38 |   131 |    42 |       |       ||   211
       Kick              |       |    44 |   105 |   228 |   148 ||   525
       Flail             |       |       |   137 |       |       ||   137
       Morningstar       |       |       |   111 |   589 |   484 ||  1184
Invok: Berserk           |     1 |     1 |     1 |     5 |     2 ||    10
       Trog's Hand       |       |     1 |     1 |     5 |     6 ||    13
       Burn Spellbooks   |       |       |     1 |       |     1 ||     2
       Brothers in Arms  |       |       |       |       |     2 ||     2
  Use: Scroll            |     6 |     2 |     5 |    14 |     5 ||    32
       Potion            |       |       |       |       |     5 ||     5
 Stab: Distracted        |       |       |       |       |     3 ||     3
  Eat: Chunk             |       |     6 |     8 |    27 |    16 ||    57
       Beef jerky        |       |       |     1 |       |     2 ||     3
       Bread ration      |       |       |     1 |       |       ||     1
       Fruit             |       |       |     2 |     4 |     2 ||     8
       Pizza             |       |       |       |     1 |       ||     1
Armor: Scale mail        |    11 |     6 |       |       |       ||    17
       Plate armour      |       |    87 |   152 |   390 |   199 ||   828
Dodge: Dodged            |    24 |    30 |    93 |   263 |   114 ||   524
Block: Buckler           |       |       |    70 |   100 |       ||   170
       Shield            |       |       |       |   349 |   340 ||   689
